 Dungeon Crawl Stone Soup version 0.29.1-1-gd02db6906a (webtiles) character file.

Game seed: 4297593626814910820

396 raistware the Conjurer (level 6, -5/38 HPs)
             Began as an Octopode Conjurer on Sept 23, 2022.
             Slain by an iguana (8 damage)
             ... on level 4 of the Dungeon.
             The game lasted 00:05:55 (3302 turns).

raistware the Conjurer (Octopode Conjurer)          Turns: 3302, Time: 00:05:56

Health: -5/38      AC:  1    Str:  6    XL:     6   Next: 83%
Magic:  5/22       EV: 13    Int: 22    God:
Gold:   192        SH:  0    Dex: 11    Spells: 9/14 levels left

rFire   . . .      SeeInvis .   a - staff of conjuration
rCold   . . .      Faith    .   (no shield)
rNeg    . . .      Spirit   .   (helmet restricted)
rPois   .          Reflect  .   (no amulet)
rElec   .          Harm     .   c - ring of flight
rCorr   .          Rampage  .   h - ring of magical power
Will    .....                   (no ring)
Stlth   +++.......              (no ring)
HPRegen 0.12/turn               (no ring)
MPRegen 0.18/turn               (no ring)
                                (no ring)
                                (no ring)

@: flying, very slightly contaminated
A: almost no armour, amphibious, 8 rings, camouflage 1, gelatinous body 1,
(nimble swimmer 1), tentacles
a: no special abilities


You were on level 4 of the Dungeon.
You visited 1 branch of the dungeon, and saw 4 of its levels.

You collected 192 gold pieces.

Inventory:

Missiles
 i - 5 poisoned darts
Magical Staves
 a - a staff of conjuration (weapon)
Jewellery
 c - a ring of flight (left tentacle)
 h - a ring of magical power (right tentacle)
Wands
 p - a wand of paralysis (8)
Scrolls
 b - a scroll of enchant armour {unknown}
 f - a scroll of blinking {unknown}
 g - a scroll of amnesia {unknown}
 k - a scroll of noise {unknown}
 l - a scroll of immolation {unknown}
 n - a scroll of vulnerability {unknown}
Potions
 d - 2 potions of curing {unknown}
 e - a potion of lignification {unknown}
 j - 2 potions of might {unknown}
 m - a potion of resistance {unknown}
 o - 3 potions of magic


   Skills:
 - Level 1.0 Fighting
 - Level 3.0 Dodging
 - Level 3.0 Stealth
 + Level 4.8 Spellcasting
 + Level 5.0 Conjurations
 - Level 2.0 Translocations


You had 9 spell levels left.
You knew the following spells:

 Your Spells              Type           Power      Damage    Failure   Level
a - Magic Dart            Conj           100%       1d8       1%          1
b - Iskenderun's Mystic   Conj/Tloc      31%        2d8       24%         4

Your spell library contained the following spells:

 Spells                   Type           Power      Damage    Failure   Level
 Searing Ray              Conj           82%        2d7       1%          2
 Shock                    Conj/Air       96%        1d9       3%          1
 Dazzling Flash           Conj/Hex       48%        N/A       11%         3
 Swiftness                Air            5%         N/A       30%         3
 Fulminant Prism          Conj/Hex       12%        3d9       36%         4
 Airstrike                Air            2%         2d(1-17)  71%         4


Dungeon Overview and Level Annotations

Branches:
Dungeon (4/15)
 Temple: D:4-7

Altars:
Dithmenos


Innate Abilities, Weirdness & Mutations

You cannot wear most types of armour.
You are amphibious.
You can wear up to eight rings at the same time.
Your skin changes colour to match your surroundings (Stealth+).
Your rubbery body absorbs attacks. (AC +1, EV +1)
((You are camouflaged when in or above water. (Stealth+)))
You have tentacles for arms and can constrict up to eight enemies at once.


Message History

The necrophage is almost destroyed.
You constrict the necrophage.
You destroy the necrophage!
An adder comes into view.
Your life force feels restored.
Training target 3.0 for Dodging reached!
Your Dodging skill increases to level 3!
You feel a surge of power!
The magic dart hits the adder.
The adder is severely wounded.
The adder barely misses you. The adder bites you.
You feel a surge of power!
The magic dart hits the adder.
The adder is almost dead.
The adder bites you.
A ball python comes into view.
You feel a surge of power!
The magic dart hits the adder.
You kill the adder!
You feel a surge of power!
The magic dart hits the ball python.
You kill the ball python!
Your Conjurations skill increases to level 5!
You can't see any susceptible monsters within range! (Use Z to cast anyway.)
An iguana comes into view.
You feel a surge of power!
The magic dart hits the iguana!
The iguana is moderately wounded.
The iguana hisses angrily.
You feel a surge of power!
The magic dart hits the iguana.
The iguana is heavily wounded.
The iguana barely misses you.
You feel a surge of power!
The magic dart hits the iguana.
The iguana is heavily wounded.
The iguana bites you!
You are too injured to fight recklessly!
Casting: Magic Dart (safe; 1% risk of failure)
Confirm with . or Enter, or press ? or * to list all spells.
The spell is quite dangerous to miscast (24% risk of failure)!
Continue anyway?
You feel a surge of power!
You miscast Iskenderun's Mystic Blast.
You are very lightly contaminated with residual magic.
You are caught in a violent explosion!
* * * LOW HITPOINT WARNING * * *
The iguana bites you!
You die...

#..#..#.##.....)...#####
#..###..#.#...#.....'....
#..# ##..##)>.#.....#####
#..# ##..#####.#.##....<
#.# ##.# #.#.##....[ #.
##..# #.#.##..... #
##..## #.#.######. #.l#.#
#.#.# #. ....#@##
#.#.######. #...#†#)#
#.#........ ###### ##
#.#########


You could see an iguana.

Vanquished Creatures
  A black bear (D:4)
  A necrophage (D:4)
  A howler monkey (D:4)
  An orc priest (D:3)
  3 gnolls (D:2)
  6 adders
  A shadow imp (D:4)
  A worm (D:2)
  A dart slug (D:2)
  3 orcs (D:3)
  7 endoplasms
  2 giant cockroaches (D:2)
  6 hobgoblins
  8 jackals (D:1)
  3 quokkas
  6 ball pythons
  6 bats
  2 frilled lizards
  6 goblins
  9 kobolds
  5 rats
79 creatures vanquished.

Notes
Turn   | Place    | Note
-------+----------+-------------------------------------------
     0 | D:1      | raistware the Octopode Conjurer began the quest for the
                  | Orb.
     0 | D:1      | Reached XP level 1. HP: 11/11 MP: 3/3
    84 | D:1      | Found a faded altar of an unknown god.
   222 | D:1      | Reached XP level 2. HP: 16/17 MP: 0/5
   574 | D:1      | Reached XP level 3. HP: 18/21 MP: 1/7
  1281 | D:2      | Reached XP level 4. HP: 27/27 MP: 5/9
  1410 | D:2      | Learned a level 4 spell: Iskenderun's Mystic Blast
  1786 | D:2      | Reached skill level 1 in Translocations
  2045 | D:3      | Reached XP level 5. HP: 26/31 MP: 11/11
  2263 | D:3      | Found a shadowy altar of Dithmenos.
  2495 | D:3      | Reached skill level 1 in Fighting
  2904 | D:4      | Noticed a black bear
  2916 | D:4      | Killed a black bear
  2917 | D:4      | Reached XP level 6. HP: 29/38 MP: 5/12
  3295 | D:4      | Reached skill level 5 in Conjurations
  3302 | D:4      | Slain by an iguana

Illustrated notes

Levels and vault maps discovered:
D:1:      sevenhm_arrival_forest_fort_large_4, layout_rooms,
          ebering_ecumenical_altar_sacrificial
D:2:      layout_loops_ring
D:3:      layout_loops_cross, grunt_dithmenos_smoke, kennysheep_generic_room_4
D:4:      minmay_diamond_boxcup, layout_basic

Skill      XL: |  1  2  3  4  5  6 |
---------------+-------------------+-----
Spellcasting   | 3 4 |  4.8
Translocations | 2 |  2.0
Stealth        | 3 |  3.0
Fighting       | 1 |  1.0
Dodging        | 3 |  3.0
Conjurations   | 5 |  5.0

Action                   |  1- 3 |  4- 6 || total
-------------------------+-------+-------++-------
Melee: Unarmed           |    26 |     4 ||    30
       Tentacles         |     8 |     3 ||    11
       Constrict         |     6 |     5 ||    11
       Staff             |       |     9 ||     9
Throw: Dart              |       |     5 ||     5
 Cast: Magic Dart        |    70 |    90 ||   160
       Iskenderun's Myst |       |     4 ||     4
 Stab: Sleeping          |       |     6 ||     6
Armor: Skin              |     1 |     2 ||     3
Dodge: Dodged            |    27 |    16 ||    43
